 Dungeon Crawl Stone Soup version 0.27.0-1-g7a089689b8 (webtiles) character file.

Game seed: 12548934390203371917

8094 robertstho the Carver (level 11, -17/97 HPs)
             Began as a Red Draconian Berserker on Aug 9, 2021.
             Was an Elder of Trog.
             Demolished by a komodo dragon (28 damage)
             ... on level 1 of the Lair of Beasts.
             The game lasted 00:17:40 (13819 turns).

robertstho the Carver (Red Draconian Berserker)    Turns: 13819, Time: 00:17:41

Health: -17/97     AC:  9    Str: 22    XL:     11   Next: 5%
Magic:  11/11      EV: 15    Int:  8    God:    Trog [****..]
Gold:   424        SH:  0    Dex: 11    Spells: 10/10 levels left

rFire    + . .     SeeInvis .   a - +2 great sword (vorpal)
rCold    . . .     Faith    .   (shield currently unavailable)
rNeg     . . .     Spirit   .   (armour unavailable)
rPois    .         Reflect  .   (helmet restricted)
rElec    .         Harm     .   m - +0 cloak
rCorr    .         Rampage  .   (no gloves)
Will     ++...                  l - +0 pair of boots
Stlth    +++.......             (no amulet)
HPRegen  1.26/turn              (no ring)
MPRegen  0.12/turn              (no ring)

@: short of breath, strong-willed, regenerating
A: breathe fire, AC +7, unfitting armour, fire resistance 1, cold-blooded
a: Breathe Fire, Renounce Religion, Berserk, Trog's Hand, Brothers in Arms


You were on level 1 of the Lair of Beasts.
You worshipped Trog.
Trog was greatly pleased with you.
You visited 3 branches of the dungeon, and saw 13 of its levels.
You also visited: Sewer.

You collected 482 gold pieces.
You spent 58 gold pieces at shops.

Inventory:

Hand Weapons
 a - a +2 vorpal great sword (weapon)
 u - a +0 scimitar
 w - the +10 hand axe "Puizodo" {vorpal, *Corrode rN+++ Stlth+}
   (You found it on level 10 of the Dungeon)

   It inflicts extra damage upon your enemies.
   rN:        It renders you almost immune to negative energy.
   *Corrode:  It may corrode you when you take damage.
   Stlth:     It makes you more stealthy.
Armour
 d - a +0 buckler
 l - a +0 pair of boots (worn)
 m - a +0 cloak (worn)
Jewellery
 h - an amulet of faith
 x - a ring of flight
Wands
 g - a wand of iceblast (3)
 k - a wand of flame (32)
 r - a wand of polymorph (5)
Scrolls
 b - a scroll of fog
 j - a scroll of immolation
 o - 2 scrolls of vulnerability
 p - a scroll of silence {unknown}
 q - a scroll of enchant weapon
 t - a scroll of magic mapping
Potions
 c - 6 potions of flight
 e - 4 potions of curing
 f - 4 potions of heal wounds
 i - a potion of haste
 n - 2 potions of lignification {unknown}
 s - a potion of resistance
 v - a potion of invisibility


   Skills:
 * Level 9.2 Fighting
 + Level 10.3 Long Blades
 * Level 8.5 Dodging
 * Level 6.8 Stealth
 + Level 3.0 Shields
 + Level 0.3 Evocations


You had 10 spell levels left.
You didn't know any spells.
Your spell library was empty.

Dungeon Overview and Level Annotations

Branches:
Dungeon (11/15)            Temple (1/1) D:7            Lair (1/6) D:11
  Sewer (visited)
    Orc: D:9-12

Altars:
Dithmenos
Fedhas
Gozag
Hepliaklqana
Nemelex Xobeh
Qazlal
Trog
Wu Jian
Xom
Yredelemnul

Shops:
D:3 *   D:11 [

Annotations:
D:5 Prince Ribbit
D:10 2 transporters, 3 runed translucent doors, exclusion: 2 ice statues, RubberyChicken's ghost, journeyman GnWr
D:11 exclusion: orange crystal statue


Innate Abilities, Weirdness & Mutations

You can breathe blasts of fire.
Your fiery red scales are hard. (AC +7)
You cannot fit into any form of body armour.
Your flesh is heat resistant. (rF+)
You are cold-blooded and may be slowed by cold attacks.


Message History

You are too injured to fight recklessly!
You are too injured to fight recklessly!
You are too injured to fight recklessly!
You are too injured to fight recklessly!
You are too injured to fight recklessly!
You are too injured to fight recklessly!
You are too injured to fight recklessly!
You are too injured to fight recklessly!
You are too injured to fight recklessly!
You are too injured to fight recklessly!
You are too injured to fight recklessly!
You are too injured to fight recklessly!
You feel very sick. The cane toad stings you!
* * * LOW HITPOINT WARNING * * *
You are lethally poisoned!
The cane toad poisons you!
Okay, then.
You feel much better.
You feel very sick. The cane toad barely misses you.
The komodo dragon bites you!
* * * LOW HITPOINT WARNING * * *
Your skin crawls.
You feel strong-willed.
You feel very sick. The cane toad closely misses you.
You riposte.
You barely miss the cane toad.
The cane toad is severely wounded.
The komodo dragon closely misses you.
You feel better. The cane toad barely misses you.
You riposte.
You hit the cane toad.
Your tail-slap misses the cane toad.
The cane toad is severely wounded.
The komodo dragon bites you!!
* * * LOW HITPOINT WARNING * * *
Press: ? - help, Shift-Dir - straight line, f - cane toad
Aim: a cane toad (severely wounded)
You breathe a blast of fire.
The fiery breath hits the cane toad!
You kill the cane toad!
Trog accepts your kill. The komodo dragon bites you!!
You die...

.............
##............ .
#P............ #..
#............
#.##............ ..
#...............
... #..............
.#.##
##....l§###.....
.....######.....@.#
...
.......P##........#
.
#.........#..>...P#
###..............##
#..............##
##..............#
#........#.....†#
...............##
...............#


You could see a komodo dragon.

Vanquished Creatures
  A two-headed ogre (D:10)
  An elephant (D:11)
  A guardian serpent (D:11)
  2 cane toads (Lair:1)
  A wolf spider simulacrum (D:11)
  Grinder (D:3)
  2 trolls
  A hornet (D:8)
  A polar bear (Lair:1)
  A yak (D:11)
  A vampire (D:9)
  A steam dragon (D:6)
  A basilisk (D:11)
  Menkaure (D:5)
  2 acid dragons
  4 orc warriors
  A sky beast (D:8)
  4 black bears
  An ogre (D:4)
  A necrophage (D:4)
  2 centaurs
  Blork the orc (D:4)
  3 kobold brigands
  2 bullfrogs
  A scorpion (D:5)
  16 killer bees
  A wyvern skeleton (D:6)
  7 wights
  3 howler monkeys
  5 centaur zombies
  A bullfrog zombie (D:5)
  A jelly (D:5)
  3 orc priests
  3 centaur skeletons
  A hound (D:7)
  A gnoll shaman (D:4)
  Crazy Yiuf (D:5)
  A bullfrog skeleton (D:5)
  Terence (D:3)
  6 iguanas
  10 orc wizards
  A scorpion zombie (D:3)
  A killer bee zombie (D:8)
  2 hound zombies
  A hound skeleton (D:5)
  3 howler monkey zombies
  Robin (D:3)
  4 gnolls (D:5)
  3 adders
  3 river rats
  2 shadow imps
  2 ufetubi (D:5)
  An adder zombie (D:3)
  An adder skeleton (D:3)
  2 worms
  2 dart slugs
  26 orcs
  10 ball pythons
  8 endoplasms
  3 giant cockroaches
  5 hobgoblins
  8 jackals
  2 quokkas
  A ball python skeleton (D:3)
  5 bats
  3 frilled lizards
  16 goblins
  A jackal skeleton (D:3)
  21 kobolds
  A quokka zombie (D:3)
  8 rats
246 creatures vanquished.

Vanquished Creatures (others)
  2 fungi
2 creatures vanquished.

Grand Total: 248 creatures vanquished

Notes
Turn   | Place    | Note
-------+----------+-------------------------------------------
     0 | D:1      | robertstho the Draconian Berserker began the quest for the
                  | Orb.
     0 | D:1      | Reached XP level 1. HP: 19/19 MP: 1/1
   149 | D:1      | Reached XP level 2. HP: 26/26 MP: 2/2
   464 | D:1      | Reached ** piety under Trog
  1049 | D:2      | Reached XP level 3. HP: 21/33 MP: 3/3
  1971 | D:3      | Reached skill level 1 in Stealth
  1971 | D:3      | Reached XP level 4. HP: 34/40 MP: 4/4
  2054 | D:3      | Reached skill level 4 in Long Blades
  2075 | D:3      | Found a glowing drain.
  2100 | Sewer    | Entered a sewer
  2444 | Sewer    | Reached XP level 5. HP: 46/46 MP: 5/5
  2687 | Sewer    | Found a white marble altar of Elyvilon.
  2893 | D:3      | Noticed Grinder
  2899 | D:3      | Paralysed by Grinder for 3 turns
  2906 | D:3      | Paralysed by Grinder for 7 turns
  2919 | D:3      | Killed Grinder
  2920 | D:3      | Reached skill level 5 in Long Blades
  2920 | D:3      | Reached XP level 6. HP: 23/55 MP: 6/6
  3066 | D:3      | Reached skill level 5 in Fighting
  3271 | D:3      | You fall into a shaft and drop 2 floors!
  3271 | D:5      | Entered Level 5 of the Dungeon
  3295 | D:5      | Your scales start taking on a fiery red colour.
  3295 | D:5      | Reached XP level 7. HP: 38/61 MP: 7/7
  3295 | D:5      | Gained mutation: Your flesh is heat resistant. (rF+) [Red
                  | Draconian growth]
  3339 | D:5      | Reached *** piety under Trog
  4130 | D:4      | Noticed Blork the orc
  4345 | D:3      | Noticed Terence
  4355 | D:3      | Killed Terence
  4378 | D:3      | Noticed Robin
  4407 | D:3      | Killed Robin
  4476 | D:3      | Found a faded altar of an unknown god.
  4516 | D:3      | Found Nebuv's Assorted Antiques.
  4528 | D:3      | Bought a scroll of identify for 58 gold pieces
  4838 | D:4      | Found a shimmering altar of Xom.
  4882 | D:4      | Reached skill level 6 in Long Blades
  5201 | D:4      | Killed Blork the orc
  5353 | D:4      | Reached XP level 8. HP: 61/70 MP: 8/8
  5627 | D:5      | Reached skill level 5 in Dodging
  5627 | D:5      | Reached skill level 1 in Shields
  5679 | D:5      | Noticed Menkaure
  5685 | D:5      | Killed Menkaure
  5794 | D:5      | Noticed Prince Ribbit
  5993 | D:5      | Found a shadowy altar of Dithmenos.
  6240 | D:5      | Found a runed translucent door.
  6241 | D:5      | Noticed Crazy Yiuf
  6246 | D:5      | Killed Crazy Yiuf
  6330 | D:6      | Reached skill level 7 in Long Blades
  6336 | D:6      | Reached **** piety under Trog
  6495 | D:6      | Found an opulent altar of Gozag.
  7224 | D:7      | Found a staircase to the Ecumenical Temple.
  7247 | D:7      | Reached XP level 9. HP: 64/78 MP: 9/9
  7250 | Temple   | Entered the Ecumenical Temple
  8136 | D:7      | Reached skill level 5 in Stealth
  8450 | D:8      | Reached skill level 8 in Long Blades
  8685 | D:8      | Found a bloodstained altar of Trog.
  8699 | D:8      | Found a blossoming altar of Fedhas.
  8705 | D:8      | Found a basalt altar of Yredelemnul.
  8710 | D:8      | Found an ornate altar of the Wu Jian Council.
 10175 | D:9      | Reached skill level 9 in Long Blades
 10348 | D:9      | Found a hazy altar of Hepliaklqana.
 10507 | D:9      | Reached XP level 10. HP: 76/88 MP: 10/10
 10641 | D:10     | Entered Level 10 of the Dungeon
 10748 | D:10     | Found a sparkling altar of Nemelex Xobeh.
 10916 | D:10     | Noticed a two-headed ogre
 10921 | D:10     | Killed a two-headed ogre
 11020 | D:10     | Found a transporter.
 11058 | D:10     | Noticed an ice statue
 11058 | D:10     | Noticed an ice statue
 11199 | D:10     | Found a transporter.
 11205 | D:10     | Found a runed translucent gate.
 11205 | D:10     | Found a runed translucent gate.
 11206 | D:10     | Found a runed translucent gate.
 11208 | D:10     | Noticed a spectral centaur warrior
 11208 | D:10     | Noticed a spectral centaur warrior
 11208 | D:10     | Noticed RubberyChicken's ghost (journeyman GnWr)
 11209 | D:10     | Noticed a spectral centaur warrior
 11327 | D:10     | Found a stormy altar of Qazlal.
 11558 | D:10     | Identified the +10 hand axe "Puizodo" {vorpal, *Corrode
                  | rN+++ Stlth+}
 11669 | D:10     | Identified a scroll of acquirement
 11672 | D:10     | Acquired a +2 vorpal great sword
 11934 | D:11     | Noticed a guardian serpent
 11942 | D:11     | Killed a guardian serpent
 12198 | D:11     | Found a blossoming altar of Fedhas.
 12221 | D:11     | Found a staircase to the Lair.
 12221 | D:11     | Noticed an elephant
 12227 | D:11     | Reached skill level 10 in Long Blades
 12228 | D:11     | Reached ***** piety under Trog
 12587 | D:11     | Killed an elephant
 13047 | D:11     | Found Qary's Antique Armour Shop.
 13053 | D:11     | Noticed an orange crystal statue
 13056 | D:11     | Noticed a two-headed ogre
 13056 | D:11     | Noticed a manticore
 13311 | Lair:1   | Entered Level 1 of the Lair of Beasts
 13322 | Lair:1   | Noticed a cane toad
 13330 | Lair:1   | Killed a cane toad
 13331 | Lair:1   | Reached XP level 11. HP: 97/97 MP: 11/11
 13819 | Lair:1   | Demolished by a komodo dragon

Illustrated notes

Levels and vault maps discovered:
D:1:      psy_arrival_whirlpool, layout_basic, minmay_misc_feat_roman
D:2:      layout_basic
D:3:      layout_basic, shapermc_ecumenical_altar_mp_ritualfount, serial_undead,
          serial_undead_c, serial_undead_e, serial_undead_b, serial_undead_d,
          serial_shops, nicolae_shop_overgrown_old_shop, portal_sewer_entry_c,
          uniq_terence, uniq_robin, uniq_grinder
D:4:      layout_cave_pools, mainiacjoe_overflow_cross_hatched,
          chequers_serial_rivers_micro_c, uniq_blork_the_orc
D:5:      layout_cave_pools, mainiacjoe_overflow_surrounded_room,
          serial_column_ruins, column_ruins_hut_pillars,
          column_ruins_courtyard_long_water, column_ruins_open_small,
          column_ruins_open_small, column_ruins_open_small, column_ruins_grid_4,
          column_ruins_grid_1, kennysheep_decorative_pillar, uniq_menkaure,
          uniq_crazy_yiuf_cottage, uniq_prince_ribbit1
D:6:      layout_loops_cross, kennysheep_mini
D:7:      layout_gridville, minmay_temple_entry_hall, kennysheep_generic_room_3
D:8:      layout_cave_pools, trog_ov_bears_minmay,
          minmay_overflow_temple_star_quad, kennysheep_generic_room_7
D:9:      layout_roguey, nzn_hepliaklqana_mist_gate
D:10:     gammafunk_worm_tunnel, layout_irregular_city, nemelex_altar_shiori,
          nicolae_qazlal_general_emergency, gammafunk_ghost_necromancy,
          david_greed
D:11:     nrook_guardian_serpent_snake_passage, layout_rooms,
          david_lair_generic, serial_shops, shop, minivault_16,
          minmay_misc_feat_x, fedhas_altar_1, uniq_snorg
Temple:   hc_temple_tempest_star
Lair:1:   layout_cave_pods

Skill      XL: |  1  2  3  4  5  6  7  8  9 10 |
---------------+-------------------------------+-----
Dodging        | 3 4 5 7 8 |  8.5
Fighting       | 4 5 6 7 9 |  9.2
Stealth        | 1 2 3 4 5 6 |  6.8
Long Blades    | 4 5 6 7 9 10 | 10.3
Shields        | 1 2 3 |  3.0
Evocations     | |  0.3

Action                   |  1- 3 |  4- 6 |  7- 9 | 10-12 || total
-------------------------+-------+-------+-------+-------++-------
Melee: Falchion          |    74 |       |       |       ||    74
       Tailslap          |    19 |    13 |    74 |    25 ||   131
       Long sword        |    10 |    92 |   358 |       ||   460
       Scimitar          |       |       |    14 |    53 ||    67
       Great sword       |       |       |       |    58 ||    58
Invok: Berserk           |     1 |     4 |    12 |     5 ||    22
       Trog's Hand       |       |     3 |     1 |     1 ||     5
 Abil: Breathe Fire      |       |       |    16 |     7 ||    23
Evoke: Wand              |       |       |       |     4 ||     4
  Use: Scroll            |       |     4 |     5 |     5 ||    14
       Potion            |       |     4 |       |     2 ||     6
 Stab: Sleeping          |     2 |       |    18 |     1 ||    21
       Distracted        |       |       |       |     1 ||     1
Armor: Skin              |    16 |    37 |   121 |    59 ||   233
Dodge: Dodged            |    61 |    71 |   272 |   116 ||   520
Block: Buckler           |     2 |    17 |    76 |    10 ||   105
       Rpst.: Falchion   |    21 |       |       |       ||    21
       Long sword        |     2 |    21 |    64 |       ||    87
       Scimitar          |       |       |     2 |    12 ||    14
       Great sword       |       |       |       |    22 ||    22
